AoeStats
← Toblerone Order

Pilgrims

507490461Analyzed
2v2 RM · 14d ago on Sep 18, 2026· 34m 41s· 4 players
Game mode
Random Map
Map size
Medium (4 player)
Population
200
Speed
Normal
Resources
Standard
Victory
Conquest
Starting age
Dark Age
Ending age
Imperial Age
RankedLock teamsTeams togetherTeam positionsShared explorationLock speedFull tech treeHidden civsTurbo modeCheats
Victory
Defeat
🇺🇸 Cumans · United States
1554
+15
🇹🇷 Saracens · Türkiye
1515
+17
🇫🇷 Armenians · France
1605
-18
🇨🇦 Mongols · Canada
1473
-14
Toblerone Order
4:38 Loom
11:27 Feudal Age
12:07 Double-Bit Axe
15:07 Fletching
22:28 Castle Age
20:54 Stone Mining
23:23 Medium Warships
26:12 Bodkin Arrow
27:54 Fishing Lines
30:10 Horse Collar
31:27 Forging
31:54 Bow Saw
31:59 Gillnets
33:49 Scale Barding Armor
Rhogal
6:43 Loom
11:32 Feudal Age
13:00 Double-Bit Axe
14:38 Man-at-Arms
21:20 Scale Barding Armor
21:57 Wheelbarrow
25:02 Castle Age
23:09 Horse Collar
23:47 Bloodlines
23:52 Fishing Lines
24:50 Forging
28:40 Chain Barding Armor
35:15 Heavy Plow
iFxrY
11:27 Feudal Age
11:37 Loom
12:43 Double-Bit Axe
19:09 Castle Age
19:55 Scale Mail Armor
19:56 Town Watch
20:44 Medium Warships
21:40 Fishing Lines
24:05 Clinker Construction
25:42 Gold Mining
26:10 Bow Saw
30:14 Fletching
30:18 Pikeman
30:55 Halberdier
32:26 Chain Mail Armor
33:29 Stone Mining
35:11 Forging
Jippi57
13:39 Feudal Age
14:17 Loom
17:54 Castle Age
21:07 Fletching
23:15 Wheelbarrow
23:12 Bodkin Arrow
Connection lost

Rejoining the realm…

Still unreachable

The connection could not be restored.

Session expired

The server has moved on; the page needs a fresh start.